TOP OF THE 1ST |
---|
Tulsa HS As batting - Pitching for Grand Rapids HS Summit : LHP Greg Kennedy | Pitching: LHP Greg Kennedy | | Batting: LHB Matt Clark | 0-0: Called Strike 0-1: Called Strike 0-2: Ground out 4-3 (Groundball, 4) | Batting: LHB Mark Wheeler | 0-0: SINGLE (Flyball, 89S) | Batting: RHB Grant Kelly | 0-0: Ball 1-0: Ball 2-0: Ball 3-0: Base on Balls Mark Wheeler to second | Batting: RHB Ralph Young | 0-0: Ball 1-0: SINGLE (Line Drive, 8RS) Mark Wheeler to third Grant Kelly to second | Batting: SHB José Hernández | 0-0: Called Strike 0-1: Ball 1-1: Ball 2-1: Ball 3-1: Base on Balls Mark Wheeler scores Grant Kelly to third Ralph Young to second | Batting: LHB Dave Leclair | 0-0: Ball 1-0: Ball 2-0: SINGLE (Line Drive, 4D) Grant Kelly scores Ralph Young to third José Hernández to second | Batting: RHB Ricky Thomas | 0-0: Ball 1-0: Ball 2-0: Swinging Strike 2-1: Ball 3-1: Base on Balls Ralph Young scores José Hernández to third Dave Leclair to second | Batting: LHB Chris Smith | 0-0: Called Strike 0-1: Ball 1-1: Foul Ball, location: 2F 1-2: Hit by Pitch José Hernández scores Dave Leclair to third Ricky Thomas to second | Batting: LHB Tim Black | 0-0: Foul Ball, location: 2F 0-1: Swinging Strike 0-2: Fly out, F8 (Line Drive, 8LM) Runner from 3rd tags up, SCORES, throw made | Batting: LHB Matt Clark | 0-0: Called Strike 0-1: Called Strike 0-2: Strikes out swinging | Top of the 1st over - 5 runs, 3 hits, 0 errors, 2 left on base; Tulsa HS 5 - Grand Rapids HS 0 | BOTTOM OF THE 1ST |
---|
Grand Rapids HS Summit batting - Pitching for Tulsa HS As : RHP Alfonso Marrero | Pitching: RHP Alfonso Marrero | | Batting: RHB Rob Walker | 0-0: Called Strike 0-1: Ball 1-1: Fly out, F8 (Flyball, 8LS) | Batting: RHB Julián Maez | 0-0: Called Strike 0-1: Ball 1-1: Foul Ball, location: 2F 1-2: Foul Ball, location: 2F 1-2: Strikes out swinging | Batting: LHB Daniel Orozco | 0-0: Ball 1-0: Foul Ball, location: 2F 1-1: Foul Ball, location: 2F 1-2: SINGLE (Groundball, 56S) (infield hit) | Batting: RHB Harry Wade | 0-0: Ball 1-0: Ball 2-0: Ball 3-0: Called Strike 3-1: Foul Ball, location: 2F 3-2: Foul Ball, location: 2F 3-2: Base on Balls Daniel Orozco to second | Batting: RHB Tyler Long | 0-0: Called Strike 0-1: Swinging Strike 0-2: Strikes out swinging | Bottom of the 1st over - 0 runs, 1 hit, 0 errors, 2 left on base; Tulsa HS 5 - Grand Rapids HS 0 | TOP OF THE 2ND |
---|
Tulsa HS As batting - Pitching for Grand Rapids HS Summit : LHP Greg Kennedy | Batting: LHB Mark Wheeler | 0-0: Called Strike 0-1: Ball 1-1: Swinging Strike 1-2: Ball 2-2: Strikes out swinging | Batting: RHB Grant Kelly | 0-0: Ball 1-0: Ball 2-0: Ball 3-0: Base on Balls | Batting: RHB Ralph Young | 0-0: Fly out, F5 (Popup, 5SF) | Batting: SHB José Hernández | 0-0: Fly out, F9 (Flyball, 9D) | Top of the 2nd over - 0 runs, 0 hits, 0 errors, 1 left on base; Tulsa HS 5 - Grand Rapids HS 0 | BOTTOM OF THE 2ND |
---|
Grand Rapids HS Summit batting - Pitching for Tulsa HS As : RHP Alfonso Marrero | Batting: LHB Martin Greene | 0-0: Ball 1-0: Ball 2-0: Swinging Strike 2-1: Fly out, F7 (Flyball, 7LSF) | Batting: RHB Ted Morgan | 0-0: Called Strike 0-1: SINGLE (Groundball, 6D) | Batting: RHB José González | 0-0: Fly out, F7 (Line Drive, 7D) | Batting: LHB Harry Adams | 0-0: Called Strike 0-1: Foul Ball, location: 2F 0-2: Fly out, F7 (Flyball, 7) | Bottom of the 2nd over - 0 runs, 1 hit, 0 errors, 1 left on base; Tulsa HS 5 - Grand Rapids HS 0 | TOP OF THE 3RD |
---|
Tulsa HS As batting - Pitching for Grand Rapids HS Summit : LHP Greg Kennedy | Batting: LHB Dave Leclair | 0-0: Ball 1-0: Ball 2-0: Ground out U3 (Groundball, 3L) | Batting: RHB Ricky Thomas | 0-0: SOLO HOME RUN (Flyball, 78XD), Distance : 367 ft | Batting: LHB Chris Smith | 0-0: Called Strike 0-1: Foul Ball, location: 2F 0-2: Fly out, F7 (Flyball, 7D) | Batting: LHB Tim Black | 0-0: Foul Ball, location: 2F 0-1: Ball 1-1: Ball 2-1: Called Strike 2-2: Foul Ball, location: 2F 2-2: Strikes out swinging | Top of the 3rd over - 1 run, 1 hit, 0 errors, 0 left on base; Tulsa HS 6 - Grand Rapids HS 0 | BOTTOM OF THE 3RD |
---|
Grand Rapids HS Summit batting - Pitching for Tulsa HS As : RHP Alfonso Marrero | Batting: RHB Rob Walker | 0-0: Fly out, F8 (Flyball, 8LD) | Batting: RHB Julián Maez | 0-0: Ball 1-0: Ball 2-0: Called Strike 2-1: SINGLE (Groundball, 56D) | Batting: LHB Daniel Orozco | 0-0: Swinging Strike 0-1: Swinging Strike 0-2: Strikes out looking | Batting: RHB Harry Wade | Balk! Julián Maez to second 0-0: Ball 1-0: Foul Ball, location: 2F 1-1: Fly out, F4 (Line Drive, 4M) | Bottom of the 3rd over - 0 runs, 1 hit, 0 errors, 1 left on base; Tulsa HS 6 - Grand Rapids HS 0 | TOP OF THE 4TH |
---|
Tulsa HS As batting - Pitching for Grand Rapids HS Summit : LHP Greg Kennedy | Batting: LHB Matt Clark | 0-0: Foul Ball, location: 2F 0-1: Foul Ball, location: 2F 0-2: SINGLE (Line Drive, 78S) | Batting: LHB Mark Wheeler | 0-0: Hit by Pitch Matt Clark to second | Batting: RHB Grant Kelly | 0-0: Called Strike 0-1: Foul Ball, location: 2F 0-2: Ball 1-2: Strikes out swinging | Batting: RHB Ralph Young | 0-0: Called Strike 0-1: Fly out, F9 (Line Drive, 9) | Batting: SHB José Hernández | 0-0: Called Strike 0-1: Called Strike 0-2: Ball 1-2: Ball 2-2: Foul Ball, location: 2F 2-2: Strikes out swinging | Top of the 4th over - 0 runs, 1 hit, 0 errors, 2 left on base; Tulsa HS 6 - Grand Rapids HS 0 | BOTTOM OF THE 4TH |
---|
Grand Rapids HS Summit batting - Pitching for Tulsa HS As : RHP Alfonso Marrero | Batting: RHB Tyler Long | 0-0: Ball 1-0: Swinging Strike 1-1: Called Strike 1-2: Strikes out swinging | Batting: LHB Martin Greene | 0-0: Ball 1-0: Called Strike 1-1: Swinging Strike 1-2: Ground out 6-3 (Groundball, 6) | Batting: RHB Ted Morgan | 0-0: Ball 1-0: SINGLE (Flyball, 8RS) | Batting: RHB José González | 0-0: Swinging Strike 0-1: Ball 1-1: Called Strike 1-2: Strikes out swinging | Bottom of the 4th over - 0 runs, 1 hit, 0 errors, 1 left on base; Tulsa HS 6 - Grand Rapids HS 0 | TOP OF THE 5TH |
---|
Tulsa HS As batting - Pitching for Grand Rapids HS Summit : RHP John Willis | Pitching: RHP John Willis | | Batting: LHB Dave Leclair | 0-0: Called Strike 0-1: Called Strike 0-2: Ball 1-2: Fly out, F8 (Line Drive, 78D) | Batting: RHB Ricky Thomas | 0-0: Ball 1-0: Ball 2-0: Foul Ball, location: 2F 2-1: Fly out, F6 (Line Drive, 56) | Batting: LHB Chris Smith | 0-0: Called Strike 0-1: Ball 1-1: SINGLE (Line Drive, 56D) | Batting: LHB Tim Black | 0-0: Swinging Strike 0-1: Called Strike 0-2: Foul Ball, location: 2F 0-2: Ball 1-2: Strikes out looking | Top of the 5th over - 0 runs, 1 hit, 0 errors, 1 left on base; Tulsa HS 6 - Grand Rapids HS 0 | BOTTOM OF THE 5TH |
---|
Grand Rapids HS Summit batting - Pitching for Tulsa HS As : RHP Alfonso Marrero | Batting: LHB Harry Adams | 0-0: Called Strike 0-1: Called Strike 0-2: Foul Ball, location: 2F 0-2: Ball 1-2: Strikes out swinging | Batting: RHB Rob Walker | 0-0: Called Strike 0-1: Ball 1-1: Foul Ball, location: 2F 1-2: Ball 2-2: Foul Ball, location: 2F 2-2: Fly out, F9 (Flyball, 89D) | Batting: RHB Julián Maez | 0-0: Ball 1-0: Called Strike 1-1: Swinging Strike 1-2: Ball 2-2: Ball 3-2: Foul Ball, location: 2F 3-2: Foul Ball, location: 2F 3-2: Foul Ball, location: 2F 3-2: Ground out 6-3 (Groundball, 6M) | Bottom of the 5th over - 0 runs, 0 hits, 0 errors, 0 left on base; Tulsa HS 6 - Grand Rapids HS 0 | TOP OF THE 6TH |
---|
Tulsa HS As batting - Pitching for Grand Rapids HS Summit : RHP John Willis | Batting: LHB Matt Clark | 0-0: Ball 1-0: Ball 2-0: Foul Ball, location: 2F 2-1: Foul Ball, location: 2F 2-2: Strikes out swinging | Batting: LHB Mark Wheeler | 0-0: Ball 1-0: Swinging Strike 1-1: Called Strike 1-2: Strikes out looking | Batting: RHB Grant Kelly | 0-0: Called Strike 0-1: Ball 1-1: Swinging Strike 1-2: Strikes out swinging | Top of the 6th over - 0 runs, 0 hits, 0 errors, 0 left on base; Tulsa HS 6 - Grand Rapids HS 0 | BOTTOM OF THE 6TH |
---|
Grand Rapids HS Summit batting - Pitching for Tulsa HS As : RHP Alfonso Marrero | Batting: LHB Daniel Orozco | 0-0: Ball 1-0: Foul Ball, location: 2F 1-1: Ball 2-1: DOUBLE (Flyball, 8RXD) | Pitching: RHP Júlio Sepúlveda | | Pinch Runner at 2nd Tom Maynard: | | Batting: RHB Harry Wade | 0-0: Called Strike 0-1: Ball 1-1: Called Strike 1-2: Ball 2-2: Fly out, F3 (Popup, 34S) | Batting: RHB Tyler Long | 0-0: Foul Ball, location: 2F 0-1: Called Strike 0-2: Ball 1-2: Ball 2-2: Ball 3-2: Foul Ball, location: 2F 3-2: Strikes out swinging | Batting: LHB Martin Greene | 0-0: Ball 1-0: DOUBLE (Flyball, 8LD) Tom Maynard scores | Batting: RHB Ted Morgan | 0-0: Ball 1-0: Called Strike 1-1: Ball 2-1: Foul Ball, location: 2F 2-2: Strikes out looking | Bottom of the 6th over - 1 run, 2 hits, 0 errors, 1 left on base; Tulsa HS 6 - Grand Rapids HS 1 | TOP OF THE 7TH |
---|
Tulsa HS As batting - Pitching for Grand Rapids HS Summit : RHP John Willis | Now in LF: Tom Maynard | | Batting: RHB Ralph Young | 0-0: Ball 1-0: Foul Ball, location: 2F 1-1: Foul Ball, location: 2F 1-2: Hit by Pitch | Batting: SHB José Hernández | 0-0: Ball 1-0: Foul Ball, location: 2F 1-1: Ball 2-1: Grounds into double play, 1-6-3 (Groundball, P) | Batting: LHB Dave Leclair | 0-0: Ball 1-0: Ball 2-0: Swinging Strike 2-1: Foul Ball, location: 2F 2-2: Single, Error in OF, E7, batter to second base | Batting: RHB Ricky Thomas | 0-0: Ball 1-0: Foul Ball, location: 2F 1-1: Foul Ball, location: 2F 1-2: Strikes out swinging | Top of the 7th over - 0 runs, 1 hit, 1 error, 1 left on base; Tulsa HS 6 - Grand Rapids HS 1 | BOTTOM OF THE 7TH |
---|
Grand Rapids HS Summit batting - Pitching for Tulsa HS As : RHP Júlio Sepúlveda | Batting: RHB José González | 0-0: Ball 1-0: Swinging Strike 1-1: Ball 2-1: Foul Ball, location: 2F 2-2: Strikes out swinging | Batting: LHB Harry Adams | 0-0: Foul Ball, location: 2F 0-1: Ball 1-1: Ball 2-1: Ball 3-1: Base on Balls | Batting: RHB Rob Walker | 0-0: Ball 1-0: Ball 2-0: Ball 3-0: Called Strike 3-1: Called Strike 3-2: Base on Balls Harry Adams to second | Batting: RHB Julián Maez | 0-0: Called Strike 0-1: Called Strike 0-2: Ball 1-2: Strikes out swinging | Batting: RHB Tom Maynard | 0-0: Swinging Strike 0-1: Ball 1-1: Fielders Choice at 2nd, 6-4 (Groundball, 6) | Bottom of the 7th over - 0 runs, 0 hits, 0 errors, 2 left on base; Tulsa HS 6 - Grand Rapids HS 1 | TOP OF THE 8TH |
---|
Tulsa HS As batting - Pitching for Grand Rapids HS Summit : RHP John Willis | Batting: LHB Chris Smith | 0-0: DOUBLE (Flyball, 89XD) | Batting: LHB Tim Black | 0-0: Called Strike 0-1: Swinging Strike 0-2: Ball 1-2: Ball 2-2: SINGLE (Groundball, 3D) Chris Smith to third | Batting: LHB Matt Clark | 0-0: Ball 1-0: Foul Ball, location: 2F 1-1: Foul Ball, location: 2F 1-2: Ball 2-2: Hit by Pitch Tim Black to second | Batting: LHB Mark Wheeler | 0-0: Ball 1-0: Foul Ball, location: 2F 1-1: Fly out, F7 (Flyball, 7) Runner from 3rd tags up, SCORES, no throw | Pitching: RHP Preston Holman | | Batting: RHB Grant Kelly | 0-0: Called Strike 0-1: SINGLE (Line Drive, 4M) Tim Black to third Matt Clark to second | Batting: RHB Ralph Young | 0-0: Ball 1-0: Ball 2-0: SINGLE (Line Drive, 9LM) Tim Black scores Matt Clark to third Grant Kelly to second | Batting: SHB José Hernández | 0-0: Ball Wild Pitch! Matt Clark scores Grant Kelly to third Ralph Young to second 1-0: Swinging Strike 1-1: Ball 2-1: Fly out, F8 (Flyball, 8RS) Runner from 3rd tags up, SCORES, no throw | Batting: LHB Dave Leclair | 0-0: SINGLE (Line Drive, 56D) Ralph Young to third Runner from 3rd tries for Home, SAFE, throw made home | Batting: RHB Ricky Thomas | 0-0: Ball 1-0: Swinging Strike 1-1: Ball 2-1: Foul Ball, location: 2F 2-2: Ball 3-2: Fly out, F9 (Flyball, 9S) | Top of the 8th over - 5 runs, 5 hits, 0 errors, 1 left on base; Tulsa HS 11 - Grand Rapids HS 1 | BOTTOM OF THE 8TH |
---|
Grand Rapids HS Summit batting - Pitching for Tulsa HS As : RHP Júlio Sepúlveda | Now at 1B: C.J. Pinnock | | Now at 2B: Raúl García | | Batting: RHB Harry Wade | 0-0: Called Strike 0-1: Called Strike 0-2: Ball 1-2: Strikes out swinging | Batting: RHB Tyler Long | 0-0: Foul Ball, location: 2F 0-1: Called Strike 0-2: Ball 1-2: Foul Ball, location: 2F 1-2: Strikes out looking | Batting: LHB Martin Greene | 0-0: Foul Ball, location: 2F 0-1: Called Strike 0-2: Ball 1-2: Ball 2-2: Reached on error, E3 (Groundball, 34) | Batting: RHB Ted Morgan | 0-0: Ball 1-0: Ball 2-0: Called Strike 2-1: Foul Ball, location: 2F 2-2: Strikes out looking | Bottom of the 8th over - 0 runs, 0 hits, 1 error, 1 left on base; Tulsa HS 11 - Grand Rapids HS 1 | TOP OF THE 9TH |
---|
Tulsa HS As batting - Pitching for Grand Rapids HS Summit : RHP Preston Holman | Pitching: RHP Robinson Mesa | | Batting: LHB Chris Smith | 0-0: Foul Ball, location: 2F 0-1: Foul Ball, location: 2F 0-2: Ball 1-2: Ball 2-2: Ball 3-2: Base on Balls | Batting: LHB Tim Black | 0-0: Ball 1-0: Foul Ball, location: 2F 1-1: Ball 2-1: Foul Ball, location: 2F 2-2: Ball 3-2: Base on Balls Chris Smith to second | Batting: LHB Matt Clark | 0-0: Ball 1-0: Ball 2-0: SINGLE (Groundball, 34D) Chris Smith to third Tim Black to second | Batting: LHB Mark Wheeler | 0-0: Swinging Strike 0-1: Ball 1-1: Grounds into double play, 4-6-3 (Groundball, 4) Chris Smith scores Tim Black to third | Batting: RHB Grant Kelly | 0-0: SINGLE (Flyball, 9LM) Tim Black scores | Batting: RHB Ralph Young | 0-0: SINGLE (Groundball, 34D) Grant Kelly to second Runner from 2nd tries for 3rd, SAFE, throw made to third | Batting: RHB Raúl García | 0-0: Fly out, F9 (Flyball, 9) | Top of the 9th over - 2 runs, 3 hits, 0 errors, 2 left on base; Tulsa HS 13 - Grand Rapids HS 1 | BOTTOM OF THE 9TH |
---|
Grand Rapids HS Summit batting - Pitching for Tulsa HS As : RHP Júlio Sepúlveda | Now at C: Jason Becker | | Batting: RHB José González | 0-0: Called Strike 0-1: Ball 1-1: Ball 2-1: Ball 3-1: Fly out, F9 (Flyball, 9S) | Batting: LHB Harry Adams | 0-0: Ball 1-0: Swinging Strike 1-1: Swinging Strike 1-2: Ball 2-2: Strikes out swinging | Batting: RHB Rob Walker | 0-0: Ball 1-0: Ball 2-0: Swinging Strike 2-1: Ball 3-1: Called Strike 3-2: Base on Balls | Batting: RHB Julián Maez | 0-0: Called Strike 0-1: Ball 1-1: Called Strike 1-2: Ball 2-2: Fielders Choice at 2nd, 6-4 (Groundball, 6) | Bottom of the 9th over - 0 runs, 0 hits, 0 errors, 1 left on base; Tulsa HS 13 - Grand Rapids HS 1 | |